 Dungeon Crawl Stone Soup version 0.27.1-2-g3b301248ec (webtiles) character file.

Game seed: 14428583797885372409

2562 Crownlay the Blocker (level 9, -5/85 HPs)
             Began as a Hill Orc Fighter on Oct 3, 2021.
             Slain by a deep troll (9 damage)
             ... on level 8 of the Dungeon.
             The game lasted 00:14:53 (6729 turns).

Crownlay the Blocker (Hill Orc Fighter)             Turns: 6729, Time: 00:14:54

Health: -5/85      AC: 18    Str: 22    XL:     9   Next: 56%
Magic:  9/9        EV:  6    Int:  8    God:
Gold:   456        SH:  0    Dex: 10    Spells: 8/8 levels left

rFire    . . .     SeeInvis .   a - +0 war axe
rCold    . . .     Faith    .   (no shield)
rNeg     . . .     Spirit   .   r - +1 plate armour
rPois    .         Reflect  .   (no helmet)
rElec    .         Harm     .   q - +0 cloak
rCorr    .         Rampage  .   z - +0 pair of gloves
Will     .....                  (no boots)
Stlth    ..........             s - amulet of regeneration
HPRegen  1.24/turn              m - +4 ring of protection
MPRegen  0.11/turn              (no ring)

@: mighty
A: no striking features
a: no special abilities


You were on level 8 of the Dungeon.
You visited 2 branches of the dungeon, and saw 9 of its levels.
You also visited: Sewer.

You collected 456 gold pieces.

Inventory:

Hand Weapons
 a - a +0 war axe (weapon)
 h - a +2 hunting sling of freezing
Missiles
 k - 114 stones (quivered)
 w - 16 sling bullets
Armour
 c - a +0 kite shield
 q - a +0 cloak (worn)
 r - a +1 plate armour (worn)
 z - a +0 pair of gloves (worn)
Jewellery
 m - a +4 ring of protection (left hand)
 s - an amulet of regeneration (around neck)
 A - a ring of fire
Wands
 C - a wand of acid (11)
 E - a wand of mindburst (8)
 F - a wand of paralysis (12)
Scrolls
 b - a scroll of holy word
 f - a scroll of magic mapping {unknown}
 g - 2 scrolls of noise
 i - 3 scrolls of teleportation
 l - 2 scrolls of enchant weapon
 n - a scroll of enchant armour
 o - a scroll of vulnerability
 x - a scroll of silence {unknown}
 y - 2 scrolls of fear
 D - a scroll of summoning {unknown}
Potions
 d - 2 potions of might
 e - a potion of brilliance {unknown}
 j - 2 potions of mutation
 p - a potion of ambrosia {unknown}
 t - 3 potions of flight
 u - 2 potions of curing
 v - a potion of attraction {unknown}
 B - 2 potions of haste {unknown}


   Skills:
 - Level 10.0 Fighting
 - Level 2.5 Long Blades
 - Level 2.6 Axes
 - Level 3.2 Armour
 * Level 11.0 Shields


You had 8 spell levels left.
You didn't know any spells.
Your spell library contained the following spells:

 Spells                   Type           Power      Damage    Failure   Level
 Apportation              Tloc           0%         N/A       100%        1
 Alistair's Intoxication  Tmut/Pois      0%         N/A       100%        5
 Blade Hands              Tmut           0%         N/A       100%        5
 Irradiate                Conj/Tmut      0%         3d13      100%        5
 Invisibility             Hex            0%         N/A       100%        6
 Dragon Form              Tmut           0%         N/A       100%        7


Dungeon Overview and Level Annotations

Branches:
Dungeon (8/15)             Temple (1/1) D:6           Sewer (visited)
   Lair: D:8-11

Altars:
Ashenzari
Cheibriados
Elyvilon
Fedhas
Gozag
Hepliaklqana
Kikubaaqudgha
Makhleb
Nemelex Xobeh
Qazlal
Ru
Sif Muna
Trog
Uskayaw
Vehumet
Wu Jian
Xom
Yredelemnul
Zin
The Shining One

Shops:
D:7 :=!:(


Message History

The deep troll bites you. The deep troll claws you!
The deep troll claws you but does no damage.
You closely miss the deep troll.
The deep troll is heavily wounded.
The deep troll bites you but does no damage.
The deep troll claws you but does no damage. x2
You closely miss the deep troll.
The deep troll is moderately wounded.
The deep troll barely misses you. The deep troll claws you.
The deep troll completely misses you. The deep troll barely misses you.
The deep troll claws you! x2
You closely miss the deep troll.
The deep troll is moderately wounded.
The deep troll barely misses you.
The deep troll claws you but does no damage.
The deep troll claws you.
You hit the deep troll.
The deep troll is heavily wounded.
The deep troll bites you!
The deep troll claws you but does no damage. x2
You closely miss the deep troll.
The deep troll is heavily wounded.
The deep troll barely misses you. The deep troll completely misses you.
The deep troll claws you! The deep troll bites you!
* * * LOW HITPOINT WARNING * * *
The deep troll claws you but does no damage.
The deep troll claws you!
* * * LOW HITPOINT WARNING * * *
You slash the deep troll!
The deep troll is severely wounded.
The deep troll bites you but does no damage.
The deep troll claws you but does no damage.
The deep troll claws you!
* * * LOW HITPOINT WARNING * * *
You closely miss the deep troll.
The deep troll is severely wounded.
The deep troll bites you.
* * * LOW HITPOINT WARNING * * *
The deep troll claws you!
You die...

# #.# # ### #.# #
.... #.# #..# #.#
### ... #######.#
..#... ..
#.......#
..#.#..#.
#)#######
..'...... #.#
..##############@#
..'......).....T.#
..#.#######.#.##.#
..#.# #.#....#
###.# #.#.#### ###
#.# #.#.# .... #.#
#.#.# ..... #.#
#.#.#####......
###
#.#.##.T..T....


You could see a deep troll.

Vanquished Creatures
  Sigmund (D:2)
  A steam dragon (D:7)
  2 black bears (D:6)
  3 orc warriors
  A sky beast (D:5)
  A necrophage (D:5)
  A centaur (D:8)
  2 kobold brigands
  2 bullfrogs
  2 scorpions
  A wyvern skeleton (D:7)
  3 killer bees (D:6)
  A wight (D:8)
  A vampire bat (D:8)
  A centaur zombie (D:6)
  A crimson imp (D:4)
  A bullfrog zombie (D:5)
  2 hounds
  3 jellies
  A gnoll shaman (D:7)
  3 orc priests (D:5)
  6 iguanas
  4 orc wizards
  A killer bee zombie (D:5)
  A hound skeleton (D:5)
  A river rat (Sewer)
  5 adders
  3 gnolls (D:7)
  3 white imps
  2 adder skeletons
  2 worms (D:2)
  4 dart slugs
  26 orcs
  8 bats
  4 bat skeletons (D:8)
  2 bat zombies (D:8)
  4 endoplasms
  6 giant cockroaches
  2 hobgoblins
  5 jackals
  15 kobolds
  7 quokkas
  5 ball pythons
  2 frilled lizards
  8 goblins
  14 rats
174 creatures vanquished.

Vanquished Creatures (others)
  A plant (D:1)
1 creature vanquished.

Grand Total: 175 creatures vanquished

Notes
Turn   | Place    | Note
-------+----------+-------------------------------------------
     0 | D:1      | Crownlay the Hill Orc Fighter began the quest for the Orb.
     0 | D:1      | Reached XP level 1. HP: 19/19 MP: 1/1
   228 | D:1      | Reached XP level 2. HP: 24/27 MP: 2/2
   661 | D:1      | Reached XP level 3. HP: 34/34 MP: 3/3
   685 | D:1      | Found a faded altar of an unknown god.
   712 | D:1      | Reached skill level 4 in Shields
  1221 | D:2      | Noticed Sigmund
  1231 | D:2      | Killed Sigmund
  1232 | D:2      | Reached skill level 5 in Fighting
  1232 | D:2      | Reached skill level 5 in Shields
  1232 | D:2      | Reached XP level 4. HP: 44/44 MP: 4/4
  1232 | D:2      | Reached XP level 5. HP: 50/50 MP: 5/5
  1303 | D:2      | You fall into a shaft and drop 1 floor!
  2156 | D:3      | Reached XP level 6. HP: 57/57 MP: 6/6
  2239 | D:3      | Found a hide-covered altar of Uskayaw.
  2983 | D:4      | Found a broken altar of Ashenzari.
  3176 | D:4      | Found a glowing drain.
  3179 | D:4      | Reached skill level 6 in Shields
  3205 | Sewer    | Entered a sewer
  3292 | Sewer    | Reached XP level 7. HP: 47/64 MP: 7/7
  3361 | Sewer    | Found a white marble altar of Elyvilon.
  3872 | D:4      | Found a burning altar of Makhleb.
  3872 | D:4      | Found a shimmering altar of Xom.
  4136 | D:5      | Entered Level 5 of the Dungeon
  4252 | D:5      | Reached skill level 7 in Shields
  4523 | D:5      | Reached XP level 8. HP: 63/74 MP: 8/8
  4769 | D:5      | Reached skill level 8 in Shields
  5033 | D:6      | Found a staircase to the Ecumenical Temple.
  5068 | D:6      | Reached skill level 10 in Fighting
  5134 | Temple   | Entered the Ecumenical Temple
  5250 | D:6      | Found a glowing golden altar of the Shining One.
  5326 | D:6      | Reached skill level 9 in Shields
  5513 | D:7      | Found Jirhai's Book Shop.
  5528 | D:7      | Reached XP level 9. HP: 71/85 MP: 9/9
  5564 | D:7      | Reached skill level 10 in Shields
  5665 | D:7      | Found Assaf's Book Emporium.
  5693 | D:7      | HP: 3/85 [orc warrior (20)]
  5757 | D:7      | Found Catra's Weapon Shoppe.
  5795 | D:7      | Found Disic's Jewellery Boutique.
  6032 | D:7      | Found Rorade's Distillery.
  6339 | D:7      | Found a bloodstained altar of Trog.
  6543 | D:8      | Found an ancient bone altar of Kikubaaqudgha.
  6689 | D:8      | Reached skill level 11 in Shields
  6705 | D:8      | Noticed a deep troll
  6728 | D:8      | HP: 4/85 [deep troll (11)]
  6729 | D:8      | Slain by a deep troll

Illustrated notes

Levels and vault maps discovered:
D:1:      nzn_arrival_settlement, layout_loops_ring,
          shapermc_ecumenical_altar_ellora
D:2:      layout_basic, uniq_sigmund
D:3:      layout_loops_ring, eat_drink_and_be_merry_uskayaw
D:4:      layout_loops_ring, mainiacjoe_overflow_brackets,
          grunt_temple_overflow_champion_of_chaos, portal_sewer_entry_b
D:5:      layout_rooms
D:6:      layout_basic, mainiacjoe_overflow_small_starburst,
          minmay_temple_entry_mini_moons, nicolae_underground_beach
D:7:      layout_loops_ring, marbit_many_paths, serial_shops, shop, shop,
          kennysheep_little_box, shop, shop
D:8:      minmay_clustersquares, layout_basic, kennysheep_vampire_church,
          nicolae_dithmenos_through_a_glass_darkly,
          hellmonk_guarded_unrand_vitality_bloodlust
Temple:   dshaligram_water_room_temple

Skill      XL: |  1  2  3  4  5  6  7  8  9 |
---------------+----------------------------+-----
Fighting       | 4 5 6 8 10 | 10.0
Shields        | 5 6 7 9 11 | 11.0
Long Blades    | 2 |  2.5
Axes           | |  2.6
Armour         | |  3.2

Action                   |  1- 3 |  4- 6 |  7- 9 || total
-------------------------+-------+-------+-------++-------
Melee: War axe           |    58 |     9 |   135 ||   202
 Fire: Hunting sling     |    24 |   163 |   237 ||   424
  Use: Scroll            |       |     2 |     9 ||    11
       Potion            |       |       |     5 ||     5
Armor: Scale mail        |    28 |    22 |       ||    50
       Plate armour      |       |    50 |   283 ||   333
Dodge: Dodged            |    35 |    32 |   107 ||   174
